 Dungeon Crawl Stone Soup version 0.23-a0-242-g2b5ca64 (webtiles) character file.

24 MisterFreud the Cutter (level 3, 0/23 HPs)
             Began as a Kobold Berserker on Sept 28, 2018.
             Was a Follower of Trog.
             Slain by an orc
             ... wielding a +0 short sword
              (7 damage)
             ... on level 5 of the Dungeon.
             The game lasted 00:01:58 (521 turns).

MisterFreud the Cutter (Kobold Berserker)            Turns: 521, Time: 00:01:59

Health: 0/23       AC:  2    Str: 15    XL:     3   Next: 15%
Magic:  3/3        EV: 15    Int:  8    God:    Trog [*.....]
Gold:   46         SH:  0    Dex: 14    Spells: 2/2 levels left

rFire    . . .     SeeInvis .   a - +0 short sword
rCold    . . .     Gourm    .   (shield restricted)
rNeg     . . .     Faith    .   b - +0 animal skin
rPois    .         Spirit   .   (no helmet)
rElec    .         Reflect  .   (no cloak)
rCorr    .         Harm     .   (no gloves)
MR       .....                  (no boots)
Stlth    +.........             (no amulet)
HPRegen  0.07/turn              (no ring)
MPRegen  0.08/turn              (no ring)

@: no status effects
A: small, carnivore
a: Berserk, Renounce Religion


You were on level 5 of the Dungeon.
You worshipped Trog.
Trog was aware of your devotion.
You were completely stuffed.

You visited 1 branch of the dungeon, and saw 5 of its levels.

You collected 46 gold pieces.

Inventory:

Hand Weapons
 a - a +0 short sword (weapon)
Missiles
 e - 9 stones (quivered)
 g - 29 arrows
Armour
 b - a +0 animal skin (worn)
Scrolls
 d - a scroll of immolation {unknown}
 f - a scroll of remove curse {unknown}
Potions
 h - a potion of agility {unknown}
Comestibles
 c - 3 rations
 i - a chunk of flesh


   Skills:
 - Level 3.2 Fighting
 + Level 5.4 Short Blades
 - Level 1.5 Armour
 - Level 2.4 Dodging


You had 2 spell levels left.
You didn't know any spells.
Your spell library was empty.

Dungeon Overview and Level Annotations

Branches:
Dungeon (5/15)
 Temple: D:4-7

Altars:

Annotations:
D:2 Sigmund, Terence


Innate Abilities, Weirdness & Mutations

You are small and have problems with some larger weapons.
You are carnivorous and can eat meat at any time.


Message History

You hear some strange, mumbled words.
The bat hits you.
You climb downwards.
A worm, an ooze, an orc, a phantom, a skeleton and a howler monkey come into
Found 17 gold pieces.
Found two stone staircases leading down.
There is a stone staircase leading up here.
Unknown command.
The howler monkey howls!
The bat completely misses you. The orc misses you.
The phantom blinks!
There is a stone staircase leading down here.
The ooze quivers.
The bat misses you. The orc barely misses you.
The howler monkey hoots and howls with incredible vigour!
You hear a shout!
You climb downwards.
There is a stone staircase leading up here.
You hit the orc but do no damage. The orc misses you.
You hit the orc but do no damage. The orc hits you with a short sword!
You die...

# ...
#..##########
#...o@......#
##..#######.#
.... .... .##


You could see an orc.

Vanquished Creatures
  3 dart slugs (D:1)
  4 goblins (D:1)
  A hobgoblin (D:1)
  2 jackals (D:1)
  A frilled lizard (D:1)
  4 kobolds (D:1)
  3 rats (D:1)
18 creatures vanquished.

Notes
Turn   | Place    | Note
-------+----------+-------------------------------------------
     0 | D:1      | MisterFreud the Kobold Berserker began the quest for the
                  | Orb.
     0 | D:1      | Reached XP level 1. HP: 14/14 MP: 1/1
   121 | D:1      | Reached XP level 2. HP: 10/19 MP: 2/2
   240 | D:1      | Reached skill level 5 in Short Blades
   417 | D:1      | Reached XP level 3. HP: 20/23 MP: 3/3
   490 | D:1      | You fall through a shaft!
   490 | D:2      | Noticed Terence
   490 | D:2      | Noticed Sigmund
   516 | D:4      | Noticed a phantom
   519 | D:5      | Entered Level 5 of the Dungeon
   521 | D:5      | Slain by an orc

Vault maps used:
D:1:      mrwooster_arrival_statue_3, minivault_23, minmay_pentomino_t4
D:2:      grunt_qazlal_clouds, chequers_ecumenical_altar_simple, uniq_terence,
          uniq_sigmund
D:3:      cheibrodos_sewer_entry_sluice, first_ration, minmay_misc_feat_plants,
          kennysheep_generic_room_13
D:4:      minmay_temple_entry_butterflies, serial_aquarium,
          aquarium_bridge_straight, aquarium_bridge_square,
          aquarium_window_corridor_3, aquarium_window_1, aquarium_window_1,
          aquarium_window_fake, aquarium_view_2d, aquarium_view_2c
D:5:      lemuel_crystal_altar

Skill      XL: |  1  2 |
---------------+-------+-----
Short Blades   | 5 |  5.4
Fighting       | |  3.2
Armour         | |  1.5
Dodging        | |  2.4

Action                   || total
-------------------------++-------
Melee: Short sword       ||    68
Invok: Berserk           ||     1
  Eat: Chunk             ||     8
Armor: Animal skin       ||    12
Dodge: Dodged            ||    70

Table legend:
 A = Non-vault XP
 B = Vault XP
 C = Vault XP percentage of total XP
 D = Non-vault monster count
 E = Vault monster count
 F = Vault count percentage of total count
                 A         B        C        D         E       F
            +---------+---------+-------+---------+---------+-------
      Total |      35 |       0 |   0.0 |      18 |       0 |   0.0
            +---------+---------+-------+---------+---------+-------
        D:1 |      35 |       0 |   0.0 |      18 |       0 |   0.0
            +---------+---------+-------+---------+---------+-------
